 Dungeon Sprint DCSS version 0.19.4-8-ga85b6b9 (webtiles) character file.

1600000 protoss039 the Slayer (level 18, 0/194 HPs)
             Began as a Ghoul Warper on Feb 13, 2017.
             Was a Priest of Makhleb.
             Slain by a bag of meat
             ... wielding a +9 war axe
              (40 damage)
             ... in the Dungeon (Sprint VIII: "Arena of Blood").
             The game lasted 00:01:01 (16 turns).

protoss039 the Slayer (Ghoul Warper)                  Turns: 16, Time: 00:01:02

Health: 0/194      AC:  4    Str: 23    XL:     18   Next: 3%
Magic:  4/44       EV: 21    Int:  8    God:    Makhleb [***...]
Gold:   0          SH:  0    Dex:  8    Spells: 0 memorised, 64 levels left

rFire  . . .     SeeInvis .     k - +∞ Axe of Woe
rCold  + . .     Gourm    .     a - +0 leather armour
rNeg   + + +     Faith    .     (shield currently unavailable)
rPois  ∞         Spirit   .     (no helmet)
rElec  .         Reflect  .     (no cloak)
rCorr  .         Harm     .     (no gloves)
MR     +....     NoTele   +     (no boots)
Stlth  +.........               (no amulet)
                                (no ring)
                                (no ring)

@: rotting
A: rotting body, claws 1, carnivore 3, cold resistance 1, negative energy
resistance 3, slow regeneration 1, torment resistance, unbreathing
a: Minor Destruction, Lesser Servant of Makhleb, Renounce Religion


You were in the Dungeon.
You worshipped Makhleb.
Makhleb was most pleased with you.
You were not hungry.

You visited 1 branch

Inventory:

Hand Weapons
 k - the +∞ Axe of Woe (weapon)
   (You found it in the Dungeon)
Missiles
 d - 5 tomahawks of dispersal (quivered)
Armour
 a - a +0 leather armour (worn)
Scrolls
 c - 2 scrolls of blinking
Potions
 e - a potion of curing
 g - a potion of heal wounds
 h - a potion of haste
 i - 2 potions of magic
 j - a potion of berserk rage
Books
 b - a book of Spatial Translocations

   Spells                             Type                      Level
   a - Blink                          Translocation                2
   b - Shroud of Golubria             Charms/Translocation         2
   c - Lesser Beckoning               Translocation                3
   d - Portal Projectile              Translocation                3
   e - Teleport Other                 Translocation                3
   f - Passage of Golubria            Translocation                4
Comestibles
 f - a meat ration


   Skills:
 + Level 25.5 Fighting
 + Level 17.4 Axes
 + Level 8.3 Throwing
 + Level 10.0 Armour
 + Level 21.5 Dodging
 + Level 24.8 Unarmed Combat
 + Level 23.7 Spellcasting
   Level 2.6 Translocations


You had 64 spell levels left.
You didn't know any spells.

Dungeon Overview and Level Annotations

Branches:
Dungeon (1/1)

Altars:
Makhleb


Innate Abilities, Weirdness & Mutations

Your body is rotting away.
You thrive on raw meat.
You are immune to poison.
You have sharp fingernails.
You are carnivorous and can eat meat at any time.
Your flesh is cold resistant. (rC+)
You are immune to negative energy. (rN+++)
You regenerate slowly when monsters are visible.
You are immune to unholy pain and torment.
You can survive without breathing.


Message History

Increase (S)trength, (I)ntelligence, or (D)exterity?
You feel stronger.
You hear a shout! x12
The meat berserker hits you with a +9 battleaxe!!
You hear a shout! x2
Unknown command.
Press < or > to pray at altars.
Unknown command.
Press < or > to pray at altars.
Unknown command.
Press < or > to pray at altars.
You hear a shout!
The meat berserker hits you with a +9 battleaxe!!!
The meat berserker rages.
You hear a shout! x3
The meat berserker hits you with a +9 battleaxe!!!
* * * LOW HITPOINT WARNING * * *
You hear a shout!
The bag of meat hits you with a +9 war axe!!!
You die...

#... .# . #...
..# ..###...
..###.
......###......
....._......
#.....# .
#_.o._# .
....#.)Oo.#....
......Oo@O......
.......###o.....
.O###... ..###.
. #... ..# #...
.# ..... .. ....


You could see 4 meat berserkers and 4 bags of meat.

Vanquished Creatures
  3 ogres (D)
  7 orcs (D)
10 creatures vanquished.

Notes
Turn   | Place    | Note
-------+----------+-------------------------------------------
     0 | D        | protoss039 the Ghoul Warper began the quest for the Orb.
     0 | D        | Reached XP level 1. HP: 17/17 MP: 2/2
     3 | D        | Became a worshipper of Makhleb the Destroyer
     6 | D        | Noticed a bag of meat
     6 | D        | Noticed a meat berserker
     7 | D        | Noticed a bag of meat
     8 | D        | Noticed a meat berserker
     9 | D        | Noticed a bag of meat
    10 | D        | Noticed a bag of meat
    10 | D        | Noticed a bag of meat
    10 | D        | Noticed a bag of meat
    10 | D        | Noticed a meat berserker
    10 | D        | Killed a bag of meat
    10 | D        | Reached skill level 14 in Fighting
    10 | D        | Reached XP level 2. HP: 47/47 MP: 2/15
    10 | D        | Reached XP level 3. HP: 53/53 MP: 2/17
    10 | D        | Reached XP level 4. HP: 61/61 MP: 2/18
    10 | D        | Reached XP level 5. HP: 68/68 MP: 2/20
    10 | D        | Reached XP level 6. HP: 75/75 MP: 2/21
    10 | D        | Reached XP level 7. HP: 82/82 MP: 2/23
    10 | D        | Reached XP level 8. HP: 90/90 MP: 2/24
    10 | D        | Reached XP level 9. HP: 96/96 MP: 2/25
    10 | D        | Reached XP level 10. HP: 104/104 MP: 2/26
    10 | D        | Reached XP level 11. HP: 111/111 MP: 2/27
    10 | D        | Reached XP level 12. HP: 118/118 MP: 2/28
    11 | D        | Noticed a bag of meat
    11 | D        | Noticed a bag of meat
    11 | D        | Killed a bag of meat
    11 | D        | Reached * piety under Makhleb
    11 | D        | Reached skill level 16 in Fighting
    11 | D        | Reached skill level 5 in Throwing
    11 | D        | Reached skill level 5 in Armour
    11 | D        | Reached skill level 15 in Spellcasting
    11 | D        | Reached XP level 13. HP: 73/130 MP: 2/31
    11 | D        | Killed a meat berserker
    11 | D        | Reached skill level 19 in Fighting
    11 | D        | Reached XP level 14. HP: 146/146 MP: 2/34
    11 | D        | Noticed a bag of meat
    12 | D        | Noticed a meat berserker
    12 | D        | Noticed a meat berserker
    12 | D        | Killed a meat berserker
    12 | D        | Reached skill level 21 in Fighting
    12 | D        | Reached XP level 15. HP: 158/158 MP: 2/37
    12 | D        | Killed a meat berserker
    12 | D        | Reached ** piety under Makhleb
    12 | D        | Reached skill level 22 in Fighting
    12 | D        | Reached XP level 16. HP: 170/170 MP: 2/40
    13 | D        | Reached skill level 23 in Fighting
    13 | D        | Reached XP level 17. HP: 181/181 MP: 3/42
    14 | D        | Reached *** piety under Makhleb
    14 | D        | Reached skill level 24 in Fighting
    14 | D        | Reached skill level 15 in Axes
    15 | D        | Noticed a meat berserker
    15 | D        | Reached skill level 25 in Fighting
    15 | D        | Reached skill level 10 in Armour
    15 | D        | Reached XP level 18. HP: 194/194 MP: 4/44
    16 | D        | Slain by a bag of meat

Skill      XL: |  1  2  3  4  5  6  7  8  9 10 11 12 13 14 15 16 17 |
---------------+----------------------------------------------------+-----
Fighting       | 14 16 19 21 22 23 25 | 25.5
Axes           | 4 6 9 11 12 14 17 | 17.4
Throwing       | 4 5 6 7 8 |  8.3
Armour         | 4 5 6 7 8 9 10 | 10.0
Dodging        | 12 14 16 17 19 20 21 | 21.5
Unarmed Combat | 14 16 18 20 22 23 24 | 24.8
Spellcasting   | 13 15 17 19 21 22 23 | 23.7
Translocations | |  2.6

Action                   |  1- 3 |  4- 6 |  7- 9 | 10-12 | 13-15 | 16-18 || total
-------------------------+-------+-------+-------+-------+-------+-------++-------
Melee: Executioner's axe |     1 |       |       |     1 |     1 |     3 ||     6
Dodge: Dodged            |       |       |       |     1 |       |     1 ||     2
